Map: 2000 Atmospheres LE

Players

Nice - Winner!

  • Race: Protoss Protoss

Has

  • Race: Protoss Protoss

Event: DreamHack SC2 Masters 2021 Fall

VOD

Have the link to the VOD?

Description

Time

  • Played on: July 31, 2021, 10:08 a.m.
  • Length: 9:18

All games in this series

Show
View Real Time Build Order
Export as new Build Order

Nice Protoss - Winner!

Build Orders: Zealot Archon 

Get SALT Encoding   

  12  0:00  Probe  
  13  0:12  Probe  
  14  0:23  Pylon  
  14  0:24  Probe (Chrono Boost)  
  15  0:41  Gateway, Probe (Chrono Boost)  
  16  0:47  Assimilator  
  16  0:48  Probe  
  17  0:56  Assimilator  
  17  1:00  Probe (Chrono Boost)  
  18  1:05  Gateway  
  19  1:12  Probe (Chrono Boost)  
  19  1:18  Probe (Chrono Boost)  
  20  1:26  Probe  
  20  1:28  Cybernetics Core  
  21  1:35  Pylon  
  21  1:39  Probe  
  22  1:51  Probe  
  23  2:03  Probe  
  23  2:06  Stalker x2, Warp Gate  
  28  2:20  Pylon, Probe  
  31  2:43  Nexus, Sentry  
  31  2:47  Sentry  
  33  2:53  Shield Battery  
  33  2:58  Probe  
  34  3:06  Pylon  
  34  3:10  Sentry  
  34  3:11  Probe  
  37  3:17  Stalker  
  39  3:24  Probe  
  39  3:26  Shield Battery  
  40  3:36  Probe  
  41  3:48  Probe (Chrono Boost)  
  41  3:51  Robotics Facility  
  42  3:57  Probe (Chrono Boost)  
  42  4:00  Probe (Chrono Boost)  
  43  4:02  Twilight Council  
  43  4:06  Probe (Chrono Boost)  
  43  4:07  Probe (Chrono Boost)  
  45  4:11  Probe (Chrono Boost)  
  45  4:15  Probe  
  47  4:17  Adept x2  
  47  4:23  Probe  
  52  4:27  Probe  
  52  4:31  Pylon  
  53  4:35  Probe  
  53  4:36  Pylon  
  54  4:39  Probe  
  54  4:41  Observer (Chrono Boost)  
  54  4:42  Stalker  
  54  4:43  Stalker  
  60  4:47  Probe  
  61  4:55  Immortal (Chrono Boost)  
  63  5:05  Shield Battery  
  63  5:06  Stalker  
  65  5:07  Stalker  
  65  5:21  Probe x2  
  65  5:23  Assimilator  
  65  5:24  Immortal (Chrono Boost)  
  71  5:32  Stalker, Zealot  
  67  5:39  Probe  
  67  5:40  Probe  
  67  5:43  Assimilator  
  67  5:44  Pylon, Shield Battery  
  67  5:46  Charge  
  67  5:50  Observer  
  65  5:59  Gateway  
  65  6:00  Gateway  
  65  6:01  Immortal (Chrono Boost)  
  65  6:07  Probe  
  70  6:19  Gateway  
  70  6:20  Gateway  
  70  6:21  Gateway  
  70  6:28  Gateway  
  70  6:29  Shield Battery  
  70  6:39  Pylon, Shield Battery  
  68  6:43  Sentry x2  
  72  6:53  Warp Prism  
  74  6:56  Templar Archives, Zealot  
  74  7:00  Stalker  
  78  7:06  Pylon  
  78  7:07  Zealot  
  80  7:12  Zealot  
  80  7:15  Zealot  
  84  7:22  Observer  
  81  7:30  Zealot x5  
  91  7:39  Pylon  
  91  7:40  Pylon  
  91  7:49  High Templar x3  
  91  7:50  High Templar  
  91  7:51  Zealot  
  101  7:54  Archon x2  
  99  8:04  Zealot x3  
  105  8:07  Pylon  
  105  8:23  Zealot x5  
  115  8:37  High Templar x2  
  115  8:38  Zealot  
  121  8:41  Archon  
  121  8:55  Zealot x5  
  119  8:59  Zealot  
Show
View Real Time Build Order
Export as new Build Order

Has Protoss 

Build Orders: Blink Stalkers 

Get SALT Encoding   

  12  0:00  Probe  
  13  0:12  Probe  
  14  0:16  Pylon  
  14  0:24  Probe (Chrono Boost)  
  16  0:36  Gateway, Probe (Chrono Boost)  
  16  0:41  Probe (Chrono Boost)  
  17  0:45  Assimilator  
  17  0:52  Probe (Chrono Boost)  
  17  0:53  Assimilator  
  19  1:04  Probe (Chrono Boost)  
  19  1:07  Gateway  
  19  1:13  Probe (Chrono Boost)  
  20  1:18  Probe  
  20  1:23  Cybernetics Core  
  21  1:29  Pylon  
  21  1:31  Probe  
  22  1:43  Probe  
  23  1:56  Probe  
  23  2:00  Stalker x2, Warp Gate  
  28  2:08  Pylon  
  28  2:10  Probe  
  29  2:30  Stalker x2  
  29  2:37  Twilight Council  
  33  3:01  Nexus  
  33  3:06  Blink (Chrono Boost)  
  33  3:07  Probe  
  34  3:19  Probe  
  35  3:28  Pylon  
  35  3:31  Probe  
  36  3:43  Probe  
  37  3:50  Stalker x2  
  41  3:55  Probe  
  41  4:01  Pylon  
  42  4:07  Probe  
  43  4:11  Gateway  
  43  4:18  Stalker x2  
  43  4:21  Probe  
  43  4:24  Probe  
  49  4:34  Gateway  
  49  4:37  Robotics Facility  
  49  4:42  Charge (Chrono Boost)  
  49  4:50  Stalker  
  49  4:51  Stalker  
  53  4:54  Probe  
  54  5:04  Probe  
  54  5:06  Probe  
  56  5:08  Stalker  
  58  5:17  Stalker x2  
  62  5:27  Shield Battery  
  53  5:36  Probe  
  53  5:41  Stalker x2  
  53  5:42  Stalker  
  56  5:44  Stalker  
  56  5:47  Probe  
  60  5:59  Observer (Chrono Boost)  
  60  6:06  Pylon  
  60  6:08  Zealot  
  60  6:09  Zealot x2  
  60  6:11  Zealot  
  68  6:16  Pylon  
  68  6:25  Gateway  
  68  6:32  Zealot x3  
  74  6:34  Zealot  
  74  6:38  Probe x2  
  76  6:50  Probe  
  76  6:52  Probe  
  68  7:02  Zealot x4  
  68  7:04  Templar Archives  
  68  7:05  Probe x2  
  76  7:16  Gateway  
  76  7:22  Probe  
  76  7:24  Assimilator  
  76  7:25  Assimilator  
  76  7:27  Zealot x3  
  77  7:31  Dark Shrine  
  77  7:34  Pylon  
  77  7:52  Probe  
  77  7:53  Pylon  
  78  7:58  Nexus  
  78  8:00  Pylon  
  78  8:01  Warp Prism (Chrono Boost)  
  80  8:12  High Templar x2  
  84  8:13  Probe x2  
  86  8:23  High Templar x2, Archon  
  86  8:25  Probe x2  
  92  8:27  Archon  
  92  8:31  Gateway  
  92  8:40  Zealot  
  90  8:45  Zealot x2  

Tags
 
Add a new tag
Caveats
  • Supply blocks, unpowered buildings, or Contaminate may cause inaccurate times.
  • Supply counts are checked every 10 seconds.